 Dungeon Crawl Stone Soup version 0.23.2-1-ga50397a (webtiles) character file.

Game seed: 8574217533188151874

40 SedStubbie the Skirmisher (level 3, -2/29 HPs)
             Began as a Mummy Wanderer on May 1, 2019.
             Killed from afar by Ijyb (15 damage)
             ... with a wand of flame (22)
             ... on level 3 of the Dungeon.
             The game lasted 00:03:40 (1402 turns).

SedStubbie the Skirmisher (Mummy Wanderer)          Turns: 1402, Time: 00:03:40

Health: -2/29      AC:  5    Str: 14    XL:     3   Next: 30%
Magic:  5/5        EV: 10    Int: 12    God:
Gold:   98         SH:  0    Dex: 12    Spells: 3/4 levels left

rFire    x . .     SeeInvis .   a - +0 hand crossbow
rCold    + . .     Gourm    .   (no shield)
rNeg     + + +     Faith    .   b - +0 ring mail
rPois    ∞         Spirit   .   (no helmet)
rElec    .         Reflect  .   (no cloak)
rCorr    .         Harm     .   (no gloves)
MR       .....                  (no boots)
Stlth    +.........             (no amulet)
HPRegen  0.09/turn              (no ring)
MPRegen  0.09/turn              (no ring)

@: no status effects
A: no food or potions, fire vulnerability, cold resistance 1, negative energy
resistance 3, torment resistance, unbreathing
a: no special abilities


You were on level 3 of the Dungeon.
You were not hungry.

You visited 1 branch of the dungeon, and saw 3 of its levels.

You collected 98 gold pieces.

Inventory:

Hand Weapons
 a - a +0 hand crossbow (weapon)
 h - a +0 dagger
Missiles
 d - 17 bolts (quivered)
 f - 4 tomahawks of returning
 i - 7 stones
Armour
 b - a +0 ring mail (worn)
Scrolls
 c - a scroll of teleportation {unknown}
 e - 2 scrolls of enchant weapon {unknown}
 g - 2 scrolls of immolation {unknown}
 j - a scroll of identify {unknown}
 k - a scroll of remove curse {unknown}


   Skills:
 + Level 3.5 Fighting
 + Level 2.2 Crossbows
 + Level 1.2 Dodging
   Level 1.5 Shields
 - Level 1.3 Spellcasting
   Level 1.0 Necromancy
 - Level 1.0 Earth Magic


You had 3 spell levels left.
You knew the following spells:

 Your Spells              Type           Power        Failure   Level  Hunger
a - Sandblast             Erth           #.....       36%         1    N/A

Your spell library contained the following spells:

 Spells                   Type           Power        Failure   Level  Hunger
 Passwall                 Tmut/Erth      #.......     58%         2    N/A
 Stone Arrow              Conj/Erth      #.....       82%         3    N/A
 Petrify                  Tmut/Erth      #.......     99%         4    N/A
 Lee's Rapid Deconstruct  Erth           #.........   100%        5    N/A

Dungeon Overview and Level Annotations

Branches:
Dungeon (3/15)

Altars:
Dithmenos
Nemelex Xobeh

Annotations:
D:3 Ijyb


Innate Abilities, Weirdness & Mutations

You do not eat or drink.
Your flesh is vulnerable to fire.
You are immune to poison.
Your flesh is cold resistant. (rC+)
You are immune to negative energy. (rN+++)
You are immune to unholy pain and torment.
You can survive without breathing.


Message History

Press: ? - help, Shift-Dir - straight line, f - Ijyb
Aim: Ijyb, wearing a +0 leather armour of poison resistance and carrying a wand of flame (23)
You shoot a bolt. The bolt barely misses Ijyb.
Ijyb zaps a wand.
The puff of flame hits you! The fire burns you terribly!
Ouch! That really hurt!
Firing (i - inventory. (/) - cycle)
d - 20 bolts (quivered)
Press: ? - help, Shift-Dir - straight line, f/p - Ijyb
Aim: Ijyb, wearing a +0 leather armour of poison resistance and carrying a wand of flame (22)
You shoot a bolt. The bolt closely misses Ijyb.
Firing (i - inventory. (/) - cycle)
d - 19 bolts (quivered)
Press: ? - help, Shift-Dir - straight line, f/p - Ijyb
Aim: Ijyb, wearing a +0 leather armour of poison resistance and carrying a wand of flame (22)
You shoot a bolt. The bolt barely misses Ijyb.
Firing (i - inventory. (/) - cycle)
d - 18 bolts (quivered)
Press: ? - help, Shift-Dir - straight line, f/p - Ijyb
Aim: Ijyb, wearing a +0 leather armour of poison resistance and carrying a wand of flame (22)
You shoot a bolt. The bolt hits Ijyb but does no damage.
Ijyb zaps a wand.
The puff of flame hits you! The fire burns you terribly!
Ouch! That really hurt!
You die...

#......##
.(......##
((.......#
.........# ####
....g....# #..#
.........###..#
.....<...##...#
.......@##...##
.............#
.........##.##
.........#..#
...........##
..........##
..........#
........#.#
..........#


You could see Ijyb.

Vanquished Creatures
  A worm (D:2)
  A dart slug (D:2)
  4 bats
  2 giant cockroaches (D:1)
  9 goblins
  5 hobgoblins
  5 frilled lizards
  A kobold (D:2)
  5 rats (D:2)
33 creatures vanquished.

Notes
Turn   | Place    | Note
-------+----------+-------------------------------------------
     0 | D:1      | SedStubbie the Mummy Wanderer began the quest for the Orb.
     0 | D:1      | SedStubbie set off with the following items: a +0 hand
                  | crossbow, a +0 ring mail, 25 bolts; and the following spell
                  | memorised: Sandblast; and the following spells available to
                  | memorise: Passwall, Stone Arrow, Petrify, Lee's Rapid
                  | Deconstruction
     0 | D:1      | Reached XP level 1. HP: 18/18 MP: 2/2
   260 | D:1      | Reached XP level 2. HP: 24/24 MP: 4/4
   409 | D:1      | Found a sparkling altar of Nemelex Xobeh.
   580 | D:2      | Reached skill level 1 in Dodging
   709 | D:2      | Reached XP level 3. HP: 25/29 MP: 5/5
   868 | D:2      | Found a shadowy altar of Dithmenos.
  1397 | D:3      | Noticed Ijyb
  1402 | D:3      | Killed from afar by Ijyb

Skill      XL: |  1  2 |
---------------+-------+-----
Crossbows      | 2 |  2.2
Dodging        | 1 |  1.2
Fighting       | |  3.5
Shields        | |  1.5
Spellcasting   | |  1.3
Necromancy     | |  1.0
Earth Magic    | |  1.0

Action                   || total
-------------------------++-------
Melee: Dagger            ||   112
 Fire: Hand crossbow     ||    31
Throw: Tomahawk          ||     1
 Cast: Sandblast         ||     1
Armor: Ring mail         ||    59
Dodge: Dodged            ||    74
